 Dungeon Crawl Stone Soup version 0.31-a0-1496-g79c7dd0eeb (webtiles) character file.

Game seed: 17797071747918248016

376 Flugkiller the Trooper (level 6, -2/63 HPs)
             Began as an Oni Chaos Knight on Dec 29, 2023.
             Was a Plaything of Xom.
             Slain by an ufetubus (3 damage)
             ... summoned by Xom
             ... on level 4 of the Dungeon.
             The game lasted 00:06:29 (3332 turns).

Flugkiller the Trooper (Oni Chaos Knight)           Turns: 3332, Time: 00:06:29

Health: -2/63      AC:  6    Str: 18 (19) XL:     6   Next: 73%
Magic:  0/6        EV:  9    Int:  8 (11) God:    Xom [......]
Gold:   126        SH:  0    Dex:  6 (8)  Spells: 5/5 levels left

rFire   + .          .
                       - Unarmed
rCold   . . .        (no shield)
rNeg    . . .        a - +2 robe
rPois   +            (helmet restricted)
rElec   .            q - +1 cloak
rCorr   .            (gloves unavailable)
SInv    .            (boots unavailable)
Will    .....        j - amulet of guardian spirit
Stlth   +            p - ring of protection from fire
HPRegen 0.30/turn    o - ring of poison resistance
MPRegen 0.10/turn

%: guardian spirit
@: no status effects
A: large, unfitting armour, horns 1, tough skin 1, double potion healing,
drunken brawling, deformed body, dopey 1, frail 1
a: Renounce Religion


You were on level 4 of the Dungeon.
You worshipped Xom.
You were a very special plaything of Xom.
You visited 1 branch of the dungeon, and saw 4 of its levels.

You collected 221 gold pieces.
You spent 95 gold pieces at shops.

Inventory:

Missiles
 f - a throwing net
Armour
 a - a +2 robe (worn)
 q - a +1 cloak (worn)
   (You found it on level 4 of the Dungeon)
Jewellery
 d - an amulet of magic regeneration
   (You found it on level 4 of the Dungeon)
 j - an amulet of guardian spirit (around neck)
   (You found it on level 1 of the Dungeon)
 o - a ring of poison resistance (right hand)
   (You found it on level 4 of the Dungeon)
 p - a ring of protection from fire (left hand)
   (You bought it in a shop on level 2 of the Dungeon)
 r - a ring of magical power
   (You took it off a kobold on level 4 of the Dungeon)
Wands
 u - a wand of roots (9)
   (You found it on level 4 of the Dungeon)
 v - a wand of flame (23)
   (You took it off a goblin on level 4 of the Dungeon)
Scrolls
 c - 4 scrolls of immolation
 e - a scroll of amnesia
 i - a scroll of enchant weapon
 s - a scroll of fog
Potions
 n - 2 potions of mutation


   Skills:
 - Level 7.0 Fighting
 - Level 2.1 Dodging
 - Level 4.8 Unarmed Combat
 + Level 1.6 Evocations


You had 5 spell levels left.
You didn't know any spells.
Your spell library contained the following spells:

 Spells                   Type           Power      Damage    Failure   Level
 Cigotuvi's Dreadful Rot  Necr/Alch/Air  0%         N/A       54%         2
 Sublimation of Blood     Necr           0%         N/A       54%         2
 Anguish                  Hex/Necr       0%         N/A       99%         4
 Cause Fear               Hex            0%         N/A       99%         4
 Ignite Poison            Fire/Alch      0%         N/A       99%         4
 Petrify                  Alch/Erth      0%         N/A       99%         4
 Fireball                 Conj/Fire      0%         3d3       100%        5
 Freezing Cloud           Conj/Ice/Air   0%         6-21      100%        5
 Irradiate                Conj/Alch      0%         3d11      100%        5
 Enfeeble                 Hex            0%         N/A       100%        7
 Dragon's Call            Summ           0%         N/A       100%        9


Dungeon Overview and Level Annotations

Branches:
Dungeon (4/15) Zot: 20678
 Temple: D:4-7

Altars:
Uskayaw

Shops:
D:2 *


Innate Abilities, Weirdness & Mutations

You are too large for most types of armour.
You have a pair of small horns on your head.
You have tough skin. (AC +1)
You gain doubled healing and magic from potions.
Whenever you drink a healing potion, you attack all around you.
Armour fits poorly on your strangely shaped body.
You are dopey. (Int -2)
You are frail. (-10% HP)


Message History

The gnoll hits you with a +0 spear.
You barely miss the gnoll. Your headbutt misses the gnoll.
The gnoll closely misses you.
You barely miss the gnoll.
The gnoll hits you from afar with a +0 spear.
Things that are here:
a +0 dagger; 6 poisoned darts Your attacks no longer feel as feeble.
The gnoll attacks as it pursues you! The gnoll hits you with a +0 flail!
You hit the gnoll.
You headbutt the gnoll, but do no damage.
The gnoll is heavily wounded.
You hit the gnoll. Your punch misses the gnoll.
The gnoll is almost dead.
The gnoll hits you with a +0 flail!
* * * LOW HITPOINT WARNING * * *
The gnoll hits you but does no damage.
You hit the gnoll.
You kill the gnoll!
The gnoll closely misses you. The gnoll hits you but does no damage.
Things that are here:
a +0 flail; a gnoll corpse You hit the gnoll.
Your headbutt misses the gnoll.
The gnoll is lightly wounded.
The gnoll closely misses you.
You barely miss the gnoll. Your headbutt misses the gnoll.
The gnoll is lightly wounded.
The gnoll hits you with a +0 spear.
You closely miss the gnoll. You headbutt the gnoll.
The gnoll is heavily wounded.
The gnoll hits you but does no damage.
You hit the gnoll.
The gnoll is heavily wounded.
The gnoll barely misses you.
You hit the gnoll.
The gnoll is almost dead.
You hit the gnoll. Your headbutt misses the gnoll.
The gnoll is almost dead.
The gnoll barely misses you.
You barely miss the gnoll. Your headbutt misses the gnoll.
The gnoll is almost dead.
The gnoll hits you with a +0 spear.
* * * LOW HITPOINT WARNING * * *
You hit the gnoll.
You kill the gnoll!
You see here a +0 spear.
You start resting.
You hear Xom's maniacal laughter.
Unknown command.
Okay, then.
Okay, then.
As you read the scroll labelled JAHYNA XEI, it dissolves into smoke.
It was a scroll of fog.
The hellwing hits you!
* * * LOW HITPOINT WARNING * * *
The hellwing hits you.
* * * LOW HITPOINT WARNING * * *
The white imp completely misses you.
The crimson imp blinks!
As you read the scroll of butterflies, it crumbles to dust.
You hear the flapping of tiny wings.
Something completely misses your butterfly.
Something hits your butterfly.
Your butterfly dies!
Your butterfly disappears in a burst of colours!
As you read the scroll labelled HEYKLU OGENE, it crumbles to dust.
You assume a fearsome visage.
Nothing appears to happen.
It was a scroll of fear.
Something misses your butterfly.
Something closely misses your butterfly. x2
As you read the scroll labelled MAISCH CUYCHUW, it crumbles to dust.
It is a scroll of enchant armour.
Your +0 cloak glows green for a moment.
Something hits your butterfly.
Your butterfly dies!
Your butterfly disappears in a burst of colours!
Something closely misses your butterfly.
Blink to where?
Press: ? - help, Dir - move target, f - you
Okay, then.
As you read the scroll labelled ZUDEPUADAU, it crumbles to dust.
It was a scroll of blinking.
The ufetubus hits your butterfly.
Your butterfly dies!
Your butterfly disappears in a burst of colours!
Something misses your butterfly. Something hits your butterfly!
Your butterfly dies!
Your butterfly disappears in a burst of colours!
As you read the scroll labelled MAIPOHILLE, it crumbles to dust.
You hear a loud clanging noise!
It was a scroll of noise.
The ufetubus barely misses you.
The ufetubus hits you but does no damage.
Unknown command.
You swap places.
The ufetubus hits your butterfly.
Your butterfly dies!
Your butterfly disappears in a burst of colours!
Unknown command.
You hit the hellwing but do no damage.
You headbutt the hellwing, but do no damage.
The hellwing hits you!
* * * LOW HITPOINT WARNING * * *
The hellwing hits you but does no damage.
The ufetubus hits you.
You die...

################
...............#
.............§.#
...####''####.§###
...#........#§§5b#
...#........#..#5#
...#..#..#..#..#@#
...'........'.##4#####
..>'........'.##5§.g.#
...#..#..#..#....###.#
.÷.#).......#.....##$#
...#........#........#
##.####''####.....####
#.# #..'##'####.# #..
....... #.#


You could see a hellwing (summoned), a crimson imp (summoned), a white imp
(summoned) and an ufetubus (summoned).

Vanquished Creatures
  A bombardier beetle (D:4)
  A hound (D:4)
  A gnoll bouda (D:4)
  Jessica (D:1)
  An iguana (D:4)
  2 orc wizards (D:4)
  5 gnolls (D:4)
  4 adders
  A shadow imp (D:4)
  2 worms
  A dart slug (D:2)
  9 orcs (D:4)
  4 bats (D:1)
  8 endoplasms
  3 giant cockroaches
  5 goblins
  9 hobgoblins
  3 quokkas
  6 ball pythons
  7 frilled lizards
  6 kobolds
  6 rats
86 creatures vanquished.

Notes
Turn   | Place    | Note
-------+----------+-------------------------------------------
     0 | D:1      | Flugkiller the Oni Chaos Knight began the quest for the
                  | Orb.
     0 | D:1      | Reached XP level 1. HP: 24/24 MP: 1/1
   136 | D:1      | XOM: silly message
   176 | D:1      | Reached XP level 2. HP: 33/33 MP: 2/2
   256 | D:1      | Found a faded altar of an unknown god.
   278 | D:1      | XOM: 3-stop teleportation journey
   311 | D:1      | XOM: silly message
   416 | D:1      | XOM: divination: magic mapping
   428 | D:1      | XOM: silly message
   955 | D:2      | Noticed Jessica
   992 | D:2      | Reached XP level 3. HP: 28/40 MP: 3/3
   992 | D:2      | XOM: smoke on damage
   999 | D:1      | Killed Jessica
  1000 | D:1      | Reached skill level 5 in Fighting
  1200 | D:2      | Reached XP level 4. HP: 46/50 MP: 4/4
  1298 | D:2      | Found Poan's Assorted Antiques.
  1309 | D:2      | XOM: give mutation
  1309 | D:2      | Gained mutation: You are dopey. (Int -2) [Xom's mischief]
  1312 | D:2      | Bought a large glass ring for 95 gold pieces
  1433 | D:2      | XOM: fog
  1916 | D:3      | Found a hide-covered altar of Uskayaw.
  2566 | D:4      | XOM: noise
  2576 | D:4      | Reached skill level 6 in Fighting
  2576 | D:4      | Reached XP level 5. HP: 44/59 MP: 5/5
  2635 | D:4      | XOM: noise
  2782 | D:4      | Reached XP level 6. HP: 44/68 MP: 6/6
  2847 | D:4      | XOM: give mutations
  2847 | D:4      | Gained mutation: You are frail. (-10% HP) [Xom's mischief]
  2847 | D:4      | Gained mutation: Armour fits poorly on your strangely
                  | shaped body. [Xom's mischief]
  2899 | D:4      | Reached skill level 7 in Fighting
  2977 | D:4      | XOM: smoke on damage
  2985 | D:4      | XOM: swap monsters
  3265 | D:4      | Reached skill level 1 in Evocations
  3324 | D:4      | XOM: summons 4 hostile demons
  3325 | D:4      | Noticed a hellwing
  3332 | D:4      | HP: 1/63 [hellwing[Xom] (7)]
  3332 | D:4      | Slain by an ufetubus

Illustrated notes

Levels and vault maps discovered:
D:1:      erik_arrival_blinker_ship, layout_basic,
          hellmonk_ecumenical_altar_blasted, minmay_ruptured
D:2:      layout_rooms, serial_shops, shop, uniq_jessica
D:3:      layout_basic, mainiacjoe_overflow_brackets, serial_bayou_lake_a
D:4:      kb_forest_paths, layout_basic, kennysheep_generic_room_5

Skill      XL: |  1  2  3  4  5  6 |
---------------+-------------------+-----
Unarmed Combat | 3 4 |  4.8
Fighting       | 5 6 7 |  7.0
Evocations     | 1 |  1.6
Dodging        | |  2.1

Action                     |  1- 3 |  4- 6 || total
---------------------------+-------+-------++-------
  Melee: Unarmed           |    81 |   213 ||   294
         Headbutt          |    16 |    35 ||    51
         Punch             |     1 |     6 ||     7
  Evoke: Wand              |       |     2 ||     2
    Use: Potion            |     1 |     3 ||     4
         Scroll            |       |    11 ||    11
   Stab: Sleeping          |     1 |       ||     1
 Armour: Robe              |    69 |   147 ||   216
  Dodge: Dodged            |    41 |    85 ||   126

Table legend: (Time is in decaauts)
 A = Elapsed time spent in this place.
 B = Non-inter-level travel time spent in this place.
 C = Inter-level travel time spent in this place.
 D = Time resting spent in this place.
 E = Time spent auto-exploring this place.
 F = Levels seen in this place.
 G = Mean time per level.
                   A        B        C        D        E       F      G
               +--------+--------+--------+--------+--------+-----+--------+
         Total |   3321 |   3141 |    180 |    466 |   1926 |   4 |  830.2 |
       Dungeon |   3321 |   3141 |    180 |    466 |   1926 |   4 |  830.2 |
               +--------+--------+--------+--------+--------+-----+--------+

Top non-repeatable levels by time:
     D:1: 1088 daAuts
     D:4: 954 daAuts
     D:3: 836 daAuts
     D:2: 441 daAuts
